 Dungeon Crawl Stone Soup version 0.31.0-32-g396128a36d (webtiles) character file.

Game seed: 11592546106033831463

99 KittyFluff the Cudgeller (level 4, 0/45 HPs)
             Began as an Oni Gladiator on Mar 19, 2024.
             Slain by a howler monkey (5 damage)
             ... on level 4 of the Dungeon.
             The game lasted 00:11:19 (2742 turns).

KittyFluff the Cudgeller (Oni Gladiator)            Turns: 2742, Time: 00:11:19

Health: 0/45       AC:  3    Str: 20    XL:     4   Next: 72%
Magic:  13/13      EV: 10    Int:  9    God:
Gold:   135        SH:  0    Dex: 10    Spells: 3/3 levels left

rFire   . . .        a - +0 flail
rCold   + . .        (no shield)
rNeg    . . .        b - +0 robe
rPois   .            c - +0 hat
rElec   .            (no cloak)
rCorr   .            (gloves unavailable)
SInv    .            (boots unavailable)
Will    .....        (no amulet)
Stlth   +            k - ring of magical power
HPRegen 0.27/turn    n - ring of protection from cold
MPRegen 0.13/turn

%: no passive effects
@: no status effects
A: large, unfitting armour, horns 1, tough skin 1, double potion healing,
drunken brawling
a: no special abilities


You were on level 4 of the Dungeon.
You visited 1 branch of the dungeon, and saw 4 of its levels.

You collected 135 gold pieces.

Inventory:

Hand Weapons
 a - a +0 flail (weapon)
Missiles
 d - 3 throwing nets
 e - 4 large rocks
 j - 19 stones (quivered)
 m - 2 poisoned darts
 v - 5 boomerangs
Armour
 b - a +0 robe (worn)
 c - a +0 hat (worn)
 f - a +0 buckler
Jewellery
 k - a ring of magical power (left hand)
 n - a ring of protection from cold (right hand)
 s - an amulet of faith
Scrolls
 g - 2 scrolls of identify {unknown}
 i - a scroll of teleportation {unknown}
 l - a scroll of enchant armour {unknown}
 t - a scroll of noise {unknown}
 u - 3 scrolls of blinking {unknown}
Potions
 h - 3 potions of degeneration {unknown}
 o - 2 potions of berserk rage {unknown}
 p - a potion of ambrosia {unknown}
 q - a potion of might {unknown}
 r - a potion of resistance {unknown}


   Skills:
 + Level 3.3 Fighting
 + Level 4.4 Maces & Flails
 + Level 2.1 Throwing
 + Level 3.2 Dodging
 + Level 0.2 Stealth


You had 3 spell levels left.
You didn't know any spells.
Your spell library was empty.

Dungeon Overview and Level Annotations

Branches:
Dungeon (4/15)
 Temple: D:4-7

Altars:
Hepliaklqana
Nemelex Xobeh
Yredelemnul


Innate Abilities, Weirdness & Mutations

You are too large for most types of armour.
You have a pair of small horns on your head.
You have tough skin. (AC +1)
You gain doubled healing and magic from potions.
Whenever you drink a healing potion, you attack all around you.


Message History

The howler monkey hoots and howls with incredible vigour!
The howler monkey hits you.
You hear a shout! x3; You hear a bark!
You hit the howler monkey but do no damage.
The howler monkey hits you.
You closely miss the howler monkey. The howler monkey hits you.
You closely miss the howler monkey. The howler monkey hits you. x2
You hit the howler monkey. Your headbutt misses the howler monkey.
The howler monkey is lightly wounded.
The howler monkey hits you.
You completely miss the howler monkey. Your headbutt misses the howler monkey.
The howler monkey is lightly wounded.
The howler monkey hits you.
The howler monkey hoots and howls with incredible vigour!
You sock the howler monkey!
The howler monkey is heavily wounded.
The howler monkey completely misses you.
You hit the howler monkey.
The howler monkey is severely wounded.
The howler monkey closely misses you. The howler monkey barely misses you.
You closely miss the howler monkey.
The howler monkey is severely wounded.
The howler monkey closely misses you.
You hit the howler monkey but do no damage.
The howler monkey is severely wounded.
The howler monkey hoots and howls with incredible vigour!
You hear a bark!
You barely miss the howler monkey.
The howler monkey is severely wounded.
The howler monkey hits you but does no damage.
The howler monkey hits you.
* * * LOW HITPOINT WARNING * * *
You barely miss the howler monkey.
The howler monkey is severely wounded.
The howler monkey hits you!
* * * LOW HITPOINT WARNING * * *
You hit the howler monkey.
The howler monkey is severely wounded.
The howler monkey hits you.
You die...

##.#...#..... ....
#.....##....#
#...### ...##
###...### .....
####.......###..##
#..#.>.........####
#......####........
##...### ##.......#
#.### #@h....###
### #.......#
#........#
#.........#
...........
............
#............
#...$##.#.#>


You could see a howler monkey.

Vanquished Creatures
  A bombardier beetle (D:3)
  An adder (D:3)
  A ribbon worm (D:2)
  A dart slug (D:2)
  4 ball pythons
  2 bats
  8 endoplasms
  4 giant cockroaches
  10 goblins
  2 hobgoblins
  3 quokkas
  4 frilled lizards
  4 kobolds
  A rat (D:2)
46 creatures vanquished.

Notes
Turn   | Place    | Note
-------+----------+-------------------------------------------
     0 | D:1      | KittyFluff the Oni Gladiator began the quest for the Orb.
     0 | D:1      | Reached XP level 1. HP: 22/22 MP: 1/1
   250 | D:1      | Reached XP level 2. HP: 28/29 MP: 2/2
   258 | D:1      | Found a faded altar of an unknown god.
   716 | D:1      | Reached XP level 3. HP: 36/36 MP: 3/3
  1989 | D:3      | Reached skill level 4 in Maces & Flails
  1999 | D:3      | Reached XP level 4. HP: 24/45 MP: 4/4
  2366 | D:3      | Found a sparkling altar of Nemelex Xobeh.
  2372 | D:3      | Found a basalt altar of Yredelemnul.
  2372 | D:3      | Found a hazy altar of Hepliaklqana.
  2742 | D:4      | Slain by a howler monkey

Illustrated notes

Levels and vault maps discovered:
D:1:      heliophobic_arrival_dark_side_of_the_moon, layout_basic,
          ebering_ecumenical_altar_box
D:2:      layout_loops_corners, minmay_fountain_box, minmay_crystal_room,
          corexii_hall_statues_i, kennysheep_boxes
D:3:      layout_basic, minitemple, minivault_14
D:4:      layout_cave_pools, cheibriados_altar_1, minmay_temple_entry_slanted,
          kennysheep_flooded_box

Skill      XL: |  1  2  3 |
---------------+----------+-----
Dodging        | 3 |  3.2
Fighting       | 3 |  3.3
Maces & Flails | 4 |  4.4
Throwing       | |  2.1
Stealth        | |  0.2

Action                     |  1- 3 |  4- 6 || total
---------------------------+-------+-------++-------
  Melee: Flail             |   102 |    36 ||   138
         Headbutt          |     7 |     5 ||    12
  Throw: Stone             |     7 |     9 ||    16
   Stab: Sleeping          |       |     1 ||     1
 Armour: Robe              |    56 |    24 ||    80
  Dodge: Dodged            |    53 |    19 ||    72
